Map: Simulacrum LE

Players

SortOf

  • Race: Zerg Zerg
  • Spawn Location: 5:00

TSGSolar (Solar) - Winner!

  • Race: Zerg Zerg
  • League: Master
  • Spawn Location: 11:00

VOD

Have the link to the VOD?

Description

Time

  • Played on: Jan. 8, 2020, 5:53 a.m.
  • Length: 13:42
Show
View Real Time Build Order
Export as new Build Order

SortOf Zerg 

Build Orders: Hatch First, Lurkers 

Get SALT Encoding   

  12  0:00  Drone  
  13  0:12  Overlord  
  13  0:17  Drone  
  14  0:30  Drone x2  
  16  0:49  Hatchery  
  15  0:51  Drone  
  15  0:55  Drone  
  17  0:58  Drone  
  18  1:08  Extractor  
  17  1:13  Spawning Pool  
  17  1:17  Drone  
  17  1:20  Drone  
  18  1:28  Drone  
  19  1:39  Drone  
  20  1:49  Drone  
  21  2:00  Queen x2  
  25  2:01  Overlord  
  25  2:04  Drone  
  26  2:12  Drone x2, Metabolic Boost  
  28  2:21  Drone  
  29  2:23  Drone  
  30  2:34  Hatchery  
  30  2:37  Zergling x2  
  30  2:38  Zergling x2  
  31  2:45  Drone, Baneling Nest  
  31  2:48  Drone  
  32  2:53  Overlord  
  32  2:59  Drone  
  32  3:04  Drone  
  32  3:05  Queen  
  34  3:11  Drone x3  
  39  3:13  Drone  
  39  3:18  Overlord  
  40  3:22  Zergling x2  
  40  3:25  Drone x2  
  40  3:26  Drone  
  44  3:30  Evolution Chamber  
  43  3:35  Drone  
  43  3:37  Zergling x2  
  43  3:41  Drone x3  
  47  3:50  Drone x2  
  47  3:55  Baneling  
  49  3:56  Zergling x2, Zerg Missile Weapons Level 1  
  49  3:57  Overlord  
  49  4:00  Drone  
  51  4:04  Drone  
  51  4:07  Lair  
  51  4:09  Drone  
  53  4:11  Drone, Roach Warren  
  52  4:19  Drone x4  
  52  4:23  Drone x2  
  58  4:24  Overlord  
  58  4:25  Drone x2  
  58  4:26  Extractor  
  58  4:29  Extractor, Drone x2  
  60  4:31  Extractor  
  60  4:33  Drone x2  
  60  4:35  Drone  
  62  4:39  Overlord  
  62  4:43  Zergling x4  
  62  4:44  Queen  
  65  4:46  Baneling x3  
  65  4:48  Zergling x4  
  67  4:54  Zergling x6  
  67  4:59  Queen  
  68  5:05  Zergling x2  
  67  5:13  Queen  
  68  5:15  Baneling x2  
  68  5:18  Overlord  
  68  5:19  Hydralisk Den, Zergling x4  
  68  5:20  Queen  
  68  5:21  Drone  
  71  5:22  Drone  
  71  5:25  Zergling x2  
  71  5:26  Zergling x2  
  71  5:30  Zergling x2  
  71  5:32  Roach x3  
  76  5:37  Roach  
  76  5:42  Zergling x10, Roach  
  81  5:45  Zergling x2  
  76  5:53  Zergling x2  
  76  5:54  Zergling x4  
  75  6:01  Queen x3  
  79  6:05  Drone x2  
  80  6:13  Drone x4  
  80  6:17  Spore Crawler  
  80  6:20  Spore Crawler  
  80  6:21  Spore Crawler  
  80  6:23  Spore Crawler, Drone x2  
  80  6:25  Spore Crawler  
  78  6:31  Drone x2  
  78  6:33  Lurker Den  
  78  6:39  Queen  
  76  6:48  Spore Crawler, Queen x2  
  76  6:51  Overlord  
  79  7:00  Spore Crawler  
  78  7:02  Overlord  
  78  7:05  Overlord  
  78  7:07  Overlord x2  
  74  7:14  Spore Crawler  
  74  7:15  Drone x2  
  73  7:23  Drone x8  
  73  7:28  Roach x4  
  89  7:33  Hydralisk  
  89  7:34  Hydralisk  
  89  7:36  Zergling x4  
  95  7:41  Extractor  
  95  7:42  Extractor  
  93  7:44  Hydralisk  
  93  7:45  Spore Crawler x2  
  93  7:47  Queen  
  95  7:52  Drone x3  
  95  7:54  Drone x2  
  95  7:56  Baneling x2  
  95  7:58  Drone  
  101  8:01  Overseer  
  101  8:04  Drone x3  
  104  8:08  Spore Crawler  
  104  8:12  Lurker x2  
  105  8:14  Drone  
  105  8:17  Overlord  
  106  8:21  Infestation Pit  
  106  8:24  Queen, Overlord  
  106  8:25  Spore Crawler  
  106  8:27  Spore Crawler  
  105  8:32  Drone x2  
  105  8:36  Drone x5  
  105  8:38  Overlord  
  112  8:41  Drone x2  
  112  8:42  Drone  
  112  8:45  Grooved Spines  
  114  8:49  Zerg Missile Weapons Level 2  
  114  8:51  Drone x2  
  116  8:57  Extractor  
  116  8:58  Extractor  
  116  8:59  Overlord  
  116  9:00  Hydralisk  
  116  9:01  Hydralisk  
  118  9:02  Hydralisk  
  118  9:07  Hive  
  120  9:12  Spore Crawler  
  120  9:14  Hydralisk  
  120  9:16  Lurker  
  122  9:17  Overlord  
  122  9:22  Overlord  
  122  9:25  Overlord  
  122  9:26  Hydralisk  
  122  9:27  Hydralisk x2  
  128  9:32  Overlord  
  128  9:46  Lurker x2  
  128  9:47  Hatchery, Hydralisk x2  
  128  9:48  Roach x2  
  134  9:56  Muscular Augments  
  134  10:01  Hatchery, Hydralisk x5  
  144  10:09  Overlord  
  144  10:13  Overseer x2, Overlord  
  144  10:15  Hydralisk x2  
  148  10:22  Overlord  
  148  10:27  Extractor  
  147  10:33  Lurker x2  
  147  10:34  Lurker  
  149  10:36  Extractor  
  149  10:37  Overlord  
  149  10:41  Drone  
  149  10:42  Drone x2  
  151  10:48  Viper  
  152  10:56  Hydralisk  
  152  10:57  Hydralisk x4  
  162  11:09  Drone  
  162  11:10  Drone  
  164  11:13  Spore Crawler  
  164  11:14  Hydralisk x2  
  164  11:16  Spore Crawler  
  166  11:19  Overseer  
  166  11:22  Glial Reconstitution  
  166  11:24  Drone x6  
  166  11:25  Drone x4  
  173  11:38  Viper  
  176  11:43  Hydralisk x4  
  176  11:44  Overlord  
  176  11:46  Overlord  
  183  11:49  Seismic Spines  
  174  12:00  Overseer  
  166  12:10  Hydralisk x8  
  176  12:26  Overseer  
  176  12:28  Hydralisk x3  
  147  12:39  Overseer  
  134  12:54  Hydralisk x6  
  142  13:00  Hydralisk  
  142  13:02  Hydralisk  
  118  13:09  Roach  
  118  13:11  Roach  
  114  13:18  Roach  
  114  13:19  Overlord  
Show
View Real Time Build Order
Export as new Build Order

TSGSolar Zerg - Winner!

Build Orders: Hatch First, Lurkers 

Get SALT Encoding   

  12  0:01  Drone  
  13  0:13  Overlord  
  13  0:17  Drone  
  14  0:32  Drone x2  
  16  0:51  Hatchery  
  16  0:52  Drone  
  16  0:56  Drone  
  17  0:59  Drone  
  18  1:12  Extractor  
  18  1:15  Spawning Pool  
  18  1:17  Drone  
  17  1:22  Drone  
  18  1:32  Drone  
  19  1:41  Drone  
  20  1:52  Overlord  
  20  2:01  Queen  
  20  2:03  Queen  
  20  2:06  Drone x2  
  26  2:14  Drone, Metabolic Boost  
  26  2:15  Drone  
  28  2:24  Drone  
  28  2:25  Drone  
  30  2:36  Hatchery  
  29  2:39  Zergling x2  
  29  2:40  Drone  
  31  2:49  Drone  
  31  2:50  Overlord  
  32  2:57  Drone x2, Baneling Nest  
  33  3:06  Zergling x2  
  33  3:09  Drone x3  
  33  3:11  Drone x2  
  33  3:12  Drone  
  40  3:13  Zergling x2  
  41  3:21  Evolution Chamber  
  41  3:22  Zergling x2  
  41  3:24  Overlord  
  41  3:30  Drone  
  41  3:31  Drone  
  43  3:39  Drone  
  44  3:45  Queen  
  44  3:46  Drone x2  
  44  3:47  Zergling x6, Extractor  
  49  3:49  Extractor, Drone x2  
  49  3:54  Lair  
  50  3:58  Drone  
  50  3:59  Drone  
  50  4:01  Drone  
  53  4:04  Extractor  
  53  4:05  Overlord  
  53  4:10  Drone x3  
  55  4:17  Drone x2  
  55  4:18  Drone  
  55  4:21  Overlord  
  58  4:25  Zergling x8  
  58  4:29  Overlord  
  61  4:32  Zergling x2  
  61  4:35  Zergling x2  
  63  4:39  Zergling x2  
  63  4:43  Overlord  
  64  4:46  Zergling x2  
  64  4:49  Zergling x2  
  64  4:52  Zergling x4  
  68  4:53  Zergling x4  
  68  4:55  Spire  
  68  4:56  Zergling x4, Baneling x2  
  68  4:59  Zergling x2  
  73  5:00  Zergling x2  
  73  5:01  Zergling x2  
  73  5:05  Zergling x4  
  72  5:09  Zergling x4  
  72  5:15  Baneling x2  
  72  5:16  Zergling x6  
  75  5:23  Zergling x8  
  74  5:30  Zergling x2  
  74  5:31  Zergling x6  
  72  5:35  Overlord  
  59  6:08  Mutalisk x3  
  59  6:09  Mutalisk x7  
  77  6:16  Mutalisk  
  77  6:18  Zergling x2  
  77  6:19  Zergling x6  
  77  6:22  Zergling x4  
  82  6:27  Zergling x2  
  82  6:28  Zergling x6  
  82  6:30  Mutalisk  
  87  6:33  Zergling x6  
  87  6:37  Overlord  
  87  6:38  Zergling x2  
  90  6:43  Mutalisk  
  90  6:46  Zergling x8  
  96  6:52  Mutalisk  
  97  6:55  Zergling x2  
  97  6:57  Zergling x6, Overlord  
  97  6:58  Mutalisk  
  97  7:00  Drone  
  102  7:02  Drone  
  102  7:03  Drone  
  102  7:08  Hydralisk Den, Drone  
  100  7:10  Drone  
  100  7:12  Drone  
  100  7:13  Drone  
  102  7:17  Drone  
  102  7:19  Drone x2  
  101  7:23  Drone  
  101  7:24  Drone  
  101  7:28  Overlord  
  104  7:30  Drone  
  104  7:31  Drone x2  
  104  7:33  Drone  
  104  7:36  Zerg Missile Weapons Level 1  
  106  7:40  Lurker Den, Extractor x2  
  106  7:43  Overlord  
  103  7:44  Hydralisk  
  103  7:48  Hydralisk x2  
  109  7:53  Hydralisk  
  109  7:55  Zergling x4  
  109  7:56  Zergling x2, Overseer  
  114  7:59  Overlord  
  114  8:01  Drone  
  115  8:07  Hydralisk x2  
  115  8:09  Overlord  
  118  8:13  Drone x3  
  118  8:19  Drone, Infestation Pit  
  121  8:21  Grooved Spines  
  121  8:22  Drone  
  121  8:24  Drone  
  121  8:26  Drone  
  124  8:37  Overlord  
  124  8:45  Hydralisk x2  
  128  8:50  Lurker  
  128  8:51  Lurker x4  
  128  8:53  Overlord  
  133  8:57  Lurker  
  134  9:02  Hatchery  
  134  9:07  Drone x3, Hive  
  136  9:10  Hydralisk x2  
  136  9:15  Drone x5  
  145  9:19  Extractor x2  
  145  9:20  Overlord  
  145  9:23  Hydralisk  
  145  9:24  Hydralisk  
  143  9:28  Lurker Den  
  146  9:32  Drone  
  146  9:35  Muscular Augments  
  150  9:41  Zerg Missile Weapons Level 2  
  150  9:44  Overlord  
  147  9:46  Hydralisk  
  149  9:56  Hydralisk x2  
  149  10:01  Zergling x10  
  154  10:08  Overseer, Pneumatized Carapace  
  154  10:11  Hydralisk  
  154  10:12  Hydralisk x2  
  160  10:17  Hydralisk x3  
  166  10:27  Adaptive Talons  
  166  10:30  Queen  
  166  10:33  Seismic Spines  
  167  10:39  Hatchery  
  158  10:50  Drone x2  
  158  10:51  Overlord  
  158  10:55  Hydralisk x4  
  168  11:03  Lurker x4  
  172  11:10  Viper, Evolution Chamber  
  174  11:15  Hydralisk x2  
  178  11:19  Overlord  
  178  11:27  Hydralisk x3  
  178  11:28  Hydralisk x2  
  178  11:29  Overlord  
  186  11:32  Hydralisk  
  186  11:33  Hydralisk  
  186  11:36  Zergling x4  
  192  11:51  Hydralisk x4  
  200  11:59  Overseer  
  197  12:02  Hydralisk  
  197  12:05  Hydralisk  
  199  12:11  Overseer  
  199  12:19  Hydralisk  
  190  12:25  Hydralisk x6  
  190  12:28  Hydralisk x2  
  200  12:36  Viper  
  196  12:41  Overseer  
  196  12:43  Hydralisk x3  
  199  12:44  Hydralisk x2  
  199  12:48  Overseer  
  200  12:55  Hydralisk x2  
  200  13:03  Hydralisk x2  
  200  13:05  Hydralisk x5  
  198  13:10  Hydralisk  
  198  13:11  Hydralisk x3  
  197  13:14  Hydralisk  
  197  13:15  Hydralisk  
  197  13:16  Zergling x4  
  195  13:22  Overlord x2  
  195  13:23  Overlord  
  191  13:31  Extractor  
Tags
 
Add a new tag
Caveats
  • Supply blocks, unpowered buildings, or Contaminate may cause inaccurate times.
  • Supply counts are checked every 10 seconds.